 Dungeon Crawl Stone Soup version 0.30.1-11-g7821555f0a (webtiles) character file.

Game seed: 2713725687275846744

37 MrIGI the Gusty (level 3, 0/6 HPs)
             Began as a Meteoran Air Elementalist on Dec 11, 2023.
             Succumbed to an adder's poison
             ... on level 2 of the Dungeon.
             The game lasted 00:06:27 (1657 turns).

MrIGI the Gusty (Meteoran Air Elementalist)         Turns: 1657, Time: 00:06:27

Health: 0/6        AC:  3    Str:  9    XL:     3   Next: 88%
Magic:  8/8        EV: 12    Int: 19    God:
Gold:   32         SH:  0    Dex: 14    Spells: 7/8 levels left

rFire   . . .        e - +2 falchion (holy)
rCold   . . .        (no shield)
rNeg    . . .        a - +0 robe
rPois   .            (no helmet)
rElec   .            (no cloak)
rCorr   .            j - +0 pair of gloves
SInv    .            (no boots)
Will    .....        (no amulet)
Stlth   +            (no ring)
HPRegen 0.21/turn    (no ring)
MPRegen 0.11/turn

%: no passive effects
@: lethally poisoned (0 -> -2), glowing
A: sense surroundings 1, otherworldly, glowing, explore regen
a: no special abilities


You were on level 2 of the Dungeon.
You visited 1 branch of the dungeon, and saw 2 of its levels.

You collected 32 gold pieces.

Inventory:

Hand Weapons
 e - a +2 falchion of holy wrath (weapon)
Missiles
 g - 2 throwing nets
Armour
 a - a +0 robe (worn)
 j - a +0 pair of gloves (worn)
Scrolls
 c - a scroll of blinking {unknown}
 f - 2 scrolls of fear {unknown}
 h - a scroll of fog {unknown}
 i - a scroll of vulnerability {unknown}
 k - a scroll of brand weapon {unknown}
Potions
 b - 2 potions of magic
 d - a potion of mutation {unknown}


   Skills:
 + Level 2.6 Dodging
 + Level 1.4 Stealth
 + Level 3.2 Spellcasting
 + Level 2.0 Conjurations
 * Level 4.5 Air Magic


You had 7 spell levels left.
You knew the following spells:

 Your Spells              Type           Power      Damage    Failure   Level
a - Shock                 Conj/Air       60%        1d6       3%          1

Your spell library contained the following spells:

 Spells                   Type           Power      Damage    Failure   Level
 Static Discharge         Conj/Air       30%        2-4/arc   6%          2
 Swiftness                Air            20%        N/A       7%          3
 Airstrike                Air            10%        2d(2-18)  22%         4


Dungeon Overview and Level Annotations

Branches:
Dungeon (2/15) Zot: 136

Altars:


Innate Abilities, Weirdness & Mutations

You passively map a small area around you.
You are easily found by Zot.
You glow in the dark.
You regain HP and MP as you explore.


Message History

The rat barely misses you.
You hit the rat.
You kill the rat!
No target in view!
No target in view!
HP restored.
k - a scroll labelled YHITAMP YBAZE You now have 32 gold pieces (gained 6).
An adder comes into view.
The adder hisses angrily.
An adder is nearby!
A frilled lizard comes into view.
The adder bites you but does no damage.
You hit the adder.
The adder is heavily wounded.
The frilled lizard hisses angrily.
The adder misses you. x2
You closely miss the adder. Your punch misses the adder.
The adder is heavily wounded.
The adder barely misses you.
You closely miss the adder.
The adder is heavily wounded.
The adder misses you. The adder bites you.
Ouch! That really hurt!
You are lethally poisoned!
The adder poisons you!
You are too injured to fight recklessly!
You are too injured to fight recklessly!
You are too injured to fight recklessly!
You are too injured to fight recklessly!
You are too injured to fight recklessly!
You slash the adder!
You kill the adder!
You feel sick.
Your Conjurations skill increases to level 2!
Unknown command.
* * * LOW HITPOINT WARNING * * *
You feel sick.
You see here an adder corpse.
Found a scroll labelled BIUMOL ULOPOEXU.
You die...

.........###### ,, .
######.#.#....##### ,
.. ,, #.#.#.##.....#
... #.#.#.##..##.#
.... *
##.....#......#.....
#....###...#........
,
#..........#.#######
*
#.....##.....†l......
,
#.....##..#..@.####..
* #.........###..# ,
#......#.. ...# * ,*
* #......#. ?##.. ,
#......#,,#. ### * *
*, # *,,, , , * , ,,,
, * * * *


You could see a frilled lizard.

Vanquished Creatures
  An adder (D:2)
  2 dart slugs (D:1)
  3 endoplasms (D:1)
  A giant cockroach (D:1)
  3 goblins (D:1)
  2 hobgoblins (D:1)
  3 kobolds (D:1)
  A quokka (D:1)
  2 ball pythons
  2 bats
  3 rats
23 creatures vanquished.

Notes
Turn   | Place    | Note
-------+----------+-------------------------------------------
     0 | D:1      | MrIGI the Meteoran Air Elementalist began the quest for the
                  | Orb.
     0 | D:1      | Reached XP level 1. HP: 14/14 MP: 5/5
   117 | D:1      | Reached XP level 2. HP: 20/20 MP: 1/6
   239 | D:1      | Reached skill level 4 in Air Magic
   344 | D:1      | Reached XP level 3. HP: 26/26 MP: 4/8
   496 | D:1      | Glimpsed the power of Zot.
   545 | D:1      | Glimpsed the power of Zot.
   585 | D:1      | Glimpsed the power of Zot.
   595 | D:1      | Touched by the power of Zot.
   696 | D:1      | Glimpsed the power of Zot.
   746 | D:1      | Glimpsed the power of Zot.
   786 | D:1      | Glimpsed the power of Zot.
   795 | D:1      | Touched by the power of Zot.
  1496 | D:2      | Glimpsed the power of Zot.
  1546 | D:2      | Glimpsed the power of Zot.
  1586 | D:2      | Glimpsed the power of Zot.
  1596 | D:2      | Touched by the power of Zot.
  1657 | D:2      | Succumbed to an adder's poison

Illustrated notes

Levels and vault maps discovered:
D:1:      dpeg_arrival_tiny_d, layout_basic, serial_forest,
          infiniplex_forest_fountain, infiniplex_forest_lined_3,
          infiniplex_forest_clump_small, infiniplex_forest_straight_5,
          infiniplex_forest_split, infiniplex_forest_lined_room_3,
          infiniplex_forest_diagonal, nicolae_concentric_dashed_squares_mild,
          minmay_misc_feat_four_crosses, grunt_decor_one_mirror
D:2:      layout_basic, chequers_ecumenical_altar_lobes, basic_altar,
          patterned_corridor

Skill      XL: |  1  2  3 |
---------------+----------+-----
Air Magic      | 4 |  4.5
Spellcasting   | 3 |  3.2
Conjurations   | 2 |  2.0
Dodging        | |  2.6
Stealth        | |  1.4

Action                     || total
---------------------------++-------
  Melee: Unarmed           ||     3
         Falchion          ||    30
   Cast: Shock             ||    42
 Armour: Robe              ||    15
  Dodge: Dodged            ||    28
